 Dungeon Crawl Stone Soup version 0.23.2 (webtiles) character file.

Game seed: 4716722184359235386

1392 Borgoz the Ducker (level 8, -3/67 HPs)
             Began as a Ghoul Gladiator on Apr 3, 2019.
             Was an Initiate of Ashenzari.
             Slain by a sky beast (6 damage)
             ... on level 6 of the Dungeon.
             The game lasted 00:07:45 (6041 turns).

Borgoz the Ducker (Ghoul Gladiator)                 Turns: 6041, Time: 00:07:46

Health: -3/67      AC:  6    Str: 18    XL:     8   Next: 68%
Magic:  7/7        EV: 14    Int:  4    God:    Ashenzari [......]
Gold:   272        SH:  5    Dex: 11    Spells: 7/7 levels left

rFire    . . .     SeeInvis .   a - +0 rapier
rCold    + . .     Gourm    .   (no shield)
rNeg     + + +     Faith    .   b - +0 leather armour
rPois    ∞         Spirit   .   l - +2 hat
rElec    .         Reflect  +   g - +0 cloak {rPois}
rCorr    .         Harm     .   (no gloves)
MR       .....                  (no boots)
Stlth    ++........             q - +5 amulet of reflection
HPRegen  0.00/turn              (no ring)
MPRegen  0.10/turn              (no ring)

@: rotting
A: rotting body, claws 1, carnivore, cold resistance 1, negative energy
resistance 3, inhibited regeneration, torment resistance, unbreathing
a: Curse Item, Renounce Religion


You were on level 6 of the Dungeon.
You worshipped Ashenzari.
Ashenzari was noncommittal.
You were hungry.

You visited 2 branches of the dungeon, and saw 7 of its levels.

You collected 272 gold pieces.

Inventory:

Hand Weapons
 a - a +0 rapier (weapon)
 d - a +2 quarterstaff of chaos
Missiles
 t - 3 tomahawks (quivered)
Armour
 b - a +0 leather armour (worn)
 g - a +0 cloak of poison resistance (worn)
 l - a +2 hat (worn)
Jewellery
 q - a +5 amulet of reflection (around neck)
Wands
 k - a wand of random effects (15)
 r - a wand of iceblast (5)
Scrolls
 c - a scroll of magic mapping {unknown}
 e - 5 scrolls of teleportation {unknown}
 h - 2 scrolls of remove curse
 i - a scroll of immolation {unknown}
 j - 2 scrolls of enchant armour {unknown}
 n - a scroll of fog {unknown}
 o - a scroll of random uselessness {unknown}
 s - a scroll of identify {unknown}
 u - a scroll of enchant weapon {unknown}
Potions
 m - a potion of flight
Comestibles
 f - 11 rations


   Skills:
 + Level 4.3 Fighting
 * Level 5.5 Short Blades
 - Level 1.7 Throwing
 * Level 4.5 Armour
 * Level 5.5 Dodging
 + Level 3.9 Stealth


You had 7 spell levels left.
You didn't know any spells.
Your spell library was empty.

Dungeon Overview and Level Annotations

Branches:
Dungeon (6/15)             Temple (1/1) D:4

Altars:
Ashenzari
Cheibriados
Dithmenos
Elyvilon
Fedhas
Gozag
Hepliaklqana
Makhleb
Nemelex Xobeh
Okawaru
Qazlal
Ru
Sif Muna
Trog
Uskayaw
Vehumet
Wu Jian
Xom
Yredelemnul
Zin
The Shining One


Innate Abilities, Weirdness & Mutations

Your body is rotting away.
You thrive on raw meat.
You are immune to poison.
You have sharp fingernails.
You are carnivorous and can eat meat at any time.
Your flesh is cold resistant. (rC+)
You are immune to negative energy. (rN+++)
You do not regenerate when monsters are visible.
You are immune to unholy pain and torment.
You can survive without breathing.


Message History

You miss something. Something hits you but does no damage.
You hit something. Something barely misses you.
You miss something. Something hits you. Something shocks you.
* * * LOW HITPOINT WARNING * * *
You miss something. Something hits you but does no damage.
Okay, then.
You feel better. Something hits you but does no damage.
You feel better. Something hits you but does no damage.
You hit something but do no damage. Something hits you. Something shocks you.
You closely miss something. You miss something. Something hits you.
Something shocks you.
* * * LOW HITPOINT WARNING * * *
You closely miss something. Something hits you.
* * * LOW HITPOINT WARNING * * *
Something shocks you.
* * * LOW HITPOINT WARNING * * *
You closely miss something. Something hits you.
* * * LOW HITPOINT WARNING * * *
Something shocks you.
You die...

....###...
.........
..$......
#........ #...(.#
###### ##<....#
#.....###..##..#
#.>%...#...#......
#....)o{@....... .
#....#)####......
... #. ........ .
#. ?....... ..
........ #.
...##.# .. ##
#.#...# ... #.#..
....###...#


You could see an orc.

Vanquished Creatures
  Sigmund (D:4)
  A sky beast (D:5)
  4 ogres
  Blork the orc (D:4)
  4 scorpions
  A howler monkey (D:5)
  A bullfrog skeleton (D:5)
  3 hounds
  2 orc priests
  3 orc wizards
  Crazy Yiuf (D:2)
  Ijyb (D:4)
  An iguana (D:6)
  A worker ant (D:4)
  A worker ant zombie (D:5)
  A gnoll (D:1)
  3 adders
  A shadow imp (D:5)
  2 oozes
  An adder skeleton (D:4)
  2 worms
  2 dart slugs (D:1)
  3 leopard geckos
  15 orcs
  3 goblins
  9 hobgoblins
  10 jackals
  2 quokkas
  3 ball pythons
  7 bats
  2 frilled lizards (D:1)
  4 kobolds
  A leopard gecko skeleton (D:4)
  9 rats
106 creatures vanquished.

Notes
Turn   | Place    | Note
-------+----------+-------------------------------------------
     0 | D:1      | Borgoz the Ghoul Gladiator began the quest for the Orb.
     0 | D:1      | Reached XP level 1. HP: 17/17 MP: 0/0
    80 | D:1      | Reached XP level 2. HP: 6/24 MP: 1/1
   321 | D:1      | Reached skill level 1 in Armour
   351 | D:1      | Reached XP level 3. HP: 18/30 MP: 2/2
   649 | D:1      | Reached skill level 1 in Stealth
  1184 | D:2      | Reached XP level 4. HP: 32/37 MP: 3/3
  1951 | D:2      | Found a runed translucent door.
  1952 | D:2      | Noticed Crazy Yiuf
  2052 | D:2      | Killed Crazy Yiuf
  2052 | D:2      | Reached XP level 5. HP: 20/40 MP: 4/4
  2391 | D:3      | Found a glowing golden altar of the Shining One.
  2599 | D:3      | Found an iron altar of Okawaru.
  2739 | D:2      | Found a sacrificial altar of Ru.
  2855 | D:3      | Found an ornate altar of the Wu Jian Council.
  3088 | D:4      | Noticed Ijyb
  3118 | D:4      | Killed Ijyb
  3173 | D:4      | Noticed Blork the orc
  3193 | D:4      | Killed Blork the orc
  3193 | D:4      | Reached XP level 6. HP: 26/51 MP: 0/5
  3260 | D:4      | Noticed Sigmund
  3305 | D:4      | Killed Sigmund
  3305 | D:4      | Reached XP level 7. HP: 13/57 MP: 6/6
  3360 | D:4      | You fall through a shaft for 2 floors!
  3384 | D:5      | Entered Level 5 of the Dungeon
  3651 | D:5      | Found an opulent altar of Gozag.
  3651 | D:5      | Found a snail-covered altar of Cheibriados.
  3656 | D:5      | Found a basalt altar of Yredelemnul.
  3658 | D:5      | Found a faded altar of an unknown god.
  3659 | D:5      | Found a shadowy altar of Dithmenos.
  3990 | D:5      | Reached XP level 8. HP: 66/66 MP: 7/7
  4182 | D:4      | Found a staircase to the Ecumenical Temple.
  4198 | Temple   | Entered the Ecumenical Temple
  4215 | Temple   | Became a worshipper of Ashenzari the Shackled
  4351 | D:4      | Found a radiant altar of Vehumet.
  4397 | D:4      | Reached skill level 5 in Short Blades
  4397 | D:4      | Reached skill level 5 in Dodging
  6041 | D:6      | HP: 3/67 [something (4)]
  6041 | D:6      | Slain by a sky beast

Skill      XL: |  1  2  3  4  5  6  7  8 |
---------------+-------------------------+-----
Armour         | 1 2 3 4 |  4.5
Dodging        | 3 4 5 |  5.5
Short Blades   | 3 4 5 |  5.5
Stealth        | 1 2 3 |  3.9
Fighting       | 3 4 |  4.3
Throwing       | |  1.7

Action                   |  1- 3 |  4- 6 |  7- 9 || total
-------------------------+-------+-------+-------++-------
Melee: Rapier            |   108 |   207 |   250 ||   565
Throw: Throwing net      |     2 |     3 |       ||     5
Evoke: Wand              |       |       |     2 ||     2
  Use: Potion            |       |     6 |     7 ||    13
 Stab: Held in net/web   |       |     2 |       ||     2
       Sleeping          |       |     1 |     3 ||     4
       Invisible         |       |     1 |       ||     1
  Eat: Chunk             |     5 |    12 |    22 ||    39
Armor: Leather armour    |    35 |    45 |    69 ||   149
Dodge: Dodged            |    74 |   117 |   123 ||   314
Block: Other             |       |    31 |    52 ||    83
